 Dungeon Crawl Stone Soup version 0.28-a0-657-g71136c5590 (webtiles) character file.

Game seed: 4202241918846748328

590 mordus the Shield-Bearer (level 7, -7/52 HPs)
             Began as a Formicid Fighter on Oct 13, 2021.
             Killed by divine providence
             ... invoked by an orc priest
              (15 damage)
             ... on level 4 of the Dungeon.
             The game lasted 00:07:55 (3126 turns).

mordus the Shield-Bearer (Formicid Fighter)         Turns: 3126, Time: 00:07:56

Health: -7/52      AC:  7    Str: 22    XL:     7   Next: 66%
Magic:  7/7        EV:  9    Int:  8    God:
Gold:   71         SH:  5    Dex: 10    Spells: 6/6 levels left

rFire   . . .      SeeInvis +   a - +1 long sword
rCold   . . .      Faith    .   c - +0 buckler
rNeg    . . .      Spirit   .   b - +0 scale mail
rPois   .          Reflect  .   (helmet unavailable)
rElec   .          Harm     .   (no cloak)
rCorr   .          Rampage  .   (no gloves)
Will    .....                   (no boots)
Stlth   ..........              (no amulet)
HPRegen 0.17/turn               (no ring)
MPRegen 0.10/turn               (no ring)

@: no status effects
A: permanent stasis, dig shafts and tunnels, antennae 3, four strong arms
a: Dig, Shaft Self


You were on level 4 of the Dungeon.
You visited 1 branch of the dungeon, and saw 4 of its levels.

You collected 71 gold pieces.

Inventory:

Hand Weapons
 a - a +1 long sword (weapon)
Armour
 b - a +0 scale mail (worn)
 c - a +0 buckler (worn)
Jewellery
 e - an amulet of reflection
Wands
 j - a wand of flame (13)
Scrolls
 g - a scroll of enchant weapon
 i - a scroll of brand weapon {unknown}
 m - a scroll of fear
 n - a scroll of amnesia {unknown}
Potions
 d - a potion of might
 f - a potion of curing
 h - a potion of resistance {unknown}
 k - a potion of haste {unknown}
 l - a potion of magic {unknown}
 o - 2 potions of heal wounds {unknown}


   Skills:
 - Level 3.2 Fighting
 * Level 5.7 Long Blades
 + Level 5.3 Armour
 + Level 5.8 Shields


You had 6 spell levels left.
You didn't know any spells.
Your spell library contained the following spells:

 Spells                   Type           Power      Damage    Failure   Level
 Magic Dart               Conj           0%         1d3       71%         1
 Corpse Rot               Necr/Air       N/A        N/A       85%         2
 Searing Ray              Conj           0%         2d4       85%         2
 Sublimation of Blood     Necr           0%         N/A       85%         2
 Wereblood                Tmut           0%         N/A       85%         2
 Dispel Undead            Necr           0%         3d6       100%        4
 Fulminant Prism          Conj/Hex       0%         3d6       100%        4
 Death Channel            Necr           0%         N/A       100%        6
 Summon Hydra             Summ           0%         N/A       100%        7


Dungeon Overview and Level Annotations

Branches:
Dungeon (4/15)
 Temple: D:4-7

Altars:
Trog


Innate Abilities, Weirdness & Mutations

You cannot be hasted, slowed, berserked, paralysed or teleported.
You can dig through walls and to a lower floor.
You have a pair of large antennae on your head. (SInv)
Your four strong arms can wield two-handed weapons with a shield.


Message History

You feel better.
Grinder says, "DUCK!"
Grinder hits you!
* * * LOW HITPOINT WARNING * * *
You writhe in agony.
* * * LOW HITPOINT WARNING * * *
You feel better. Grinder gestures at you. Pain shoots through your body!
* * * LOW HITPOINT WARNING * * *
You feel better. Grinder closely misses you.
You hit Grinder.
Grinder is severely wounded.
Grinder hits you.
* * * LOW HITPOINT WARNING * * *
You closely miss Grinder.
Grinder is severely wounded.
Grinder blinks!
You feel better.
An orc opens the door.
The orc priest miscasts a cantrip.
Grinder hits you.
* * * LOW HITPOINT WARNING * * *
You writhe in agony.
* * * LOW HITPOINT WARNING * * *
You slash Grinder!
You kill Grinder!
The orc hits you but does no damage.
Your Armour skill increases to level 5!
The orc priest begins to cast a cantrip, but forgets the words!
The orc priest barely misses you.
You hit the orc priest but do no damage.
The orc priest barely misses you.
You hit the orc priest.
The orc priest is moderately wounded.
The orc priest hits you but does no damage.
You slash the orc priest!
The orc priest is almost dead.
The orc priest calls down the wrath of Beogh upon you.
Beogh smites you!
You die...

##..####..###...## #.
#######...##### .
#..............
#..............
#..............
###############....#####
..........##..)#####
...........)...#..#
...........#(.(#@# {
...........#####o#
....(.......oo{oo#
#....########o####
#....# ...# #....#
.....# #....# .......# {
.......# ##.###..


You could see an orc priest and 2 orcs.

Vanquished Creatures
  Grinder (D:4)
  2 ogres (D:4)
  A bullfrog (D:3)
  Jessica (D:2)
  2 hound skeletons (D:4)
  Robin (D:2)
  A howler monkey skeleton (D:4)
  An adder (D:3)
  3 worms
  A dart slug (D:3)
  An orc (D:4)
  4 ball pythons
  5 endoplasms
  4 giant cockroaches
  20 goblins
  6 hobgoblins
  4 quokkas
  4 bats
  3 frilled lizards
  6 kobolds
  5 rats
76 creatures vanquished.

Vanquished Creatures (others)
  A plant (D:1)
1 creature vanquished.

Grand Total: 77 creatures vanquished

Notes
Turn   | Place    | Note
-------+----------+-------------------------------------------
     0 | D:1      | mordus the Formicid Fighter began the quest for the Orb.
     0 | D:1      | Reached XP level 1. HP: 18/18 MP: 1/1
   163 | D:1      | Reached XP level 2. HP: 24/24 MP: 2/2
   565 | D:1      | Found a faded altar of an unknown god.
   905 | D:2      | Reached XP level 3. HP: 28/29 MP: 3/3
  1175 | D:2      | Noticed Jessica
  1190 | D:2      | Killed Jessica
  1191 | D:2      | Reached XP level 4. HP: 26/35 MP: 4/4
  1438 | D:2      | Noticed Robin
  1455 | D:2      | Killed Robin
  1910 | D:3      | Reached XP level 5. HP: 26/39 MP: 5/5
  2155 | D:3      | Found a bloodstained altar of Trog.
  2208 | D:3      | Noticed a bullfrog
  2225 | D:3      | Killed a bullfrog
  2937 | D:4      | Reached XP level 6. HP: 47/47 MP: 6/6
  2960 | D:4      | Noticed an ogre
  2972 | D:4      | Killed an ogre
  2973 | D:4      | Reached skill level 5 in Shields
  3058 | D:4      | Noticed an ogre
  3061 | D:4      | Noticed Grinder
  3066 | D:4      | Killed an ogre
  3067 | D:4      | Reached skill level 5 in Long Blades
  3067 | D:4      | Reached XP level 7. HP: 44/52 MP: 7/7
  3111 | D:4      | HP: 2/52 [Grinder (3)]
  3119 | D:4      | Killed Grinder
  3120 | D:4      | Reached skill level 5 in Armour
  3126 | D:4      | Killed from afar by an orc priest

Illustrated notes

Levels and vault maps discovered:
D:1:      kennysheep_arrival_seaside, layout_basic,
          chequers_ecumenical_altar_simple_redux
D:2:      layout_loops_ring, uniq_robin, uniq_jessica
D:3:      layout_basic, lightli_temple_of_fire, dk_noncrumbling_3,
          ebering_dispersal_statue_hall
D:4:      minmay_bubble_buster, layout_gridville, minmay_ogre_servants,
          uniq_sigmund, uniq_grinder

Skill      XL: |  1  2  3  4  5  6  7 |
---------------+----------------------+-----
Shields        | 4 5 |  5.8
Long Blades    | 3 4 5 |  5.7
Armour         | 4 5 |  5.3
Fighting       | |  3.2

Action                   |  1- 3 |  4- 6 |  7- 9 || total
-------------------------+-------+-------+-------++-------
Melee: Long sword        |    73 |   177 |    29 ||   279
 Abil: Dig               |       |     1 |       ||     1
  Use: Scroll            |       |     7 |       ||     7
       Potion            |       |       |     4 ||     4
Armor: Scale mail        |    21 |    74 |     7 ||   102
Dodge: Dodged            |    29 |    70 |     8 ||   107
Block: Buckler           |    14 |    34 |     4 ||    52

Table legend: (Time is in decaauts)
 A = Elapsed time spent in this place.
 B = Non-inter-level travel time spent in this place.
 C = Inter-level travel time spent in this place.
 D = Time resting spent in this place.
 E = Time spent auto-exploring this place.
 F = Levels seen in this place.
 G = Mean time per level.
                   A        B        C        D        E       F      G
               +--------+--------+--------+--------+--------+-----+--------+
         Total |   3188 |   3074 |    114 |    514 |   1895 |   4 |  797.0 |
       Dungeon |   3188 |   3074 |    114 |    514 |   1895 |   4 |  797.0 |
               +--------+--------+--------+--------+--------+-----+--------+

Top non-repeatable levels by time:
     D:3: 1048 daAuts
     D:2: 1047 daAuts
     D:1: 882 daAuts
     D:4: 210 daAuts
